 Dungeon Crawl Stone Soup version 0.29.0-15-g675c0067aa (webtiles) character file.

Game seed: 2644713494173615980

74215 qw the Severer (level 15, -3/96 HPs)
             Began as a Gargoyle Fighter on Sept 12, 2022.
             Was a High Priest of Okawaru.
             Slain by a skeletal warrior
             ... wielding a +0 war axe
              (15 damage)
             ... on level 15 of the Dungeon.
             The game lasted 00:11:20 (25811 turns).

qw the Severer (Gargoyle Fighter)                  Turns: 25811, Time: 00:11:21

Health: -3/96      AC: 47    Str: 26    XL:     15   Next: 46%
Magic:  22/22      EV: 10    Int: 13    God:    Okawaru [*****.]
Gold:   2997       SH: 14    Dex: 18    Spells: 14/14 levels left

rFire   + . .      SeeInvis +   Y - +2 broad axe (vorpal)
rCold   + . .      Faith    .   f - +1 buckler of Lugonu's Wrath {Dex+4 SInv}
rNeg    + . .      Spirit   .   u - +1 gold dragon scales
rPois   inf        Reflect  +   g - +2 helmet {Int+3}
rElec   +          Harm     .   (no cloak)
rCorr   .          Rampage  .   (no gloves)
Will    +....                   h - +0 pair of boots
Stlth   ..........              y - amulet of reflection
HPRegen 0.26/turn               m - +4 ring of protection
MPRegen 0.18/turn               c - ring of Hiesab {Contam rElec AC+4 Dex+5}

@: heroic, flying
A: sickness immunity, AC +11, big wings, negative energy resistance 1,
electricity resistance, torment resistance 1, petrification resistance
a: Renounce Religion, Heroism, Finesse, Duel


You were on level 15 of the Dungeon.
You worshipped Okawaru.
Okawaru was extremely pleased with you.
You visited 3 branches of the dungeon, and saw 21 of its levels.

You collected 3025 gold pieces.
You spent 28 gold pieces at shops.


Innate Abilities, Weirdness & Mutations

You are immune to sickness and miasma.
Your stone body is resilient. (AC +11)
You are immune to poison.
Your large and strong wings let you fly.
You resist negative energy. (rN+)
You are resistant to electric shocks. (rElec)
You are resistant to unholy torment.
You are immune to petrification.


   Skills:
 - Level 12.0(17.0) Fighting
 + Level 16.7(21.7) Axes
 - Level 4.0(9.0) Throwing
 - Level 13.0(18.0) Armour
 - Level 4.0(9.0) Dodging
 - Level 8.1(13.1) Shields
 - Level 10.0 Invocations


You had 14 spell levels left.
You didn't know any spells.
Your spell library was empty.

Inventory:

Hand Weapons
 r - a +0 morningstar
 Y - a +2 vorpal broad axe (weapon)
Missiles
 v - 2 boomerangs (quivered)
Armour
 f - the +1 buckler of Lugonu's Wrath (worn) {Dex+4 SInv}
   (You acquired it on level 2 of the Dungeon)

   Dex:       It affects your dexterity (+4).
   SInv:      It lets you see invisible.
 g - a +2 helmet of intelligence (worn)
 h - a +0 pair of boots (worn)
 j - the +0 ring mail "Plog" {rC+++ Will+ rCorr}
   (Okawaru gifted it to you on level 1 of the Lair of Beasts)

   rC:        It renders you almost immune to cold.
   rCorr:     It protects you from acid and corrosion.
   Will:      It increases your willpower.
 l - the +3 hat of Pondering {ponderous, Will+ MP+10 Int+5}
   (You took it off Gastronok on level 3 of the Lair of Beasts)

   Int:       It affects your intelligence (+5).
   MP:        It affects your magic capacity (+10).
   Will:      It increases your willpower.
 p - the +1 hat of Eternal Vigilance {rF+ rN+ Str-5 Dex+2}
   (Okawaru gifted it to you on level 10 of the Dungeon)

   Str:       It affects your strength (-5).
   Dex:       It affects your dexterity (+2).
   rF:        It protects you from fire.
   rN:        It protects you from negative energy.
 u - +1 gold dragon scales (worn)
Jewellery
 c - the ring of Hiesab (right hand) {Contam rElec AC+4 Dex+5}
   (You acquired it on level 2 of the Dungeon)

   [ring of protection]

   AC:        It affects your AC (+4).
   Dex:       It affects your dexterity (+5).
   rElec:     It insulates you from electricity.
   Contam:    It causes magical contamination when unequipped.
 k - a ring of ice
 m - a +4 ring of protection (left hand)
 x - the amulet of Acuh {Faith Will- Regen+ Dex+8}
   (You found it on level 12 of the Dungeon)

   [amulet of faith]

   It allows you to gain divine favour quickly.
   Dex:       It affects your dexterity (+8).
   Regen:     It increases your rate of health regeneration.
   Will:      It decreases your willpower.
 y - an amulet of reflection (around neck)
Wands
 s - a wand of digging (4)
Scrolls
 a - 3 scrolls of blinking
 b - 10 scrolls of identify
Potions
 d - 5 potions of might
 e - 10 potions of curing
 i - 3 potions of attraction
 n - 6 potions of haste
 o - 4 potions of resistance
 q - 3 potions of magic
 z - a potion of lignification

Dungeon Overview and Level Annotations

Branches:
Dungeon (15/15)            Temple (1/1) D:4            Lair (5/5) D:9
  Swamp (0/4) Lair:2       Spider (0/4) Lair:3        Slime (0/5) Lair:4
    Orc (0/2) D:9          Vaults (0/5) D:14
 Depths: D:15

Altars:
Ashenzari
Cheibriados
Dithmenos
Elyvilon
Fedhas
Gozag
Hepliaklqana
Kikubaaqudgha
Makhleb
Nemelex Xobeh
Okawaru
Qazlal
Ru
Sif Muna
Trog
Uskayaw
Vehumet
Wu Jian
Xom
Yredelemnul
Zin
The Shining One
Jiyva

Shops:
D:3 :   D:12 (   D:13 *

Annotations:
D:6 1 runed translucent door, qw's ghost, novice MiBe
D:12 Jorgrun
D:13 2 transporters, qw's ghost, journeyman MiBe
Lair:4 2 transporters


Message History

You reflect the arrow off an invisible shield around you!
The arrow barely misses the centaur.
The skeletal warrior hits you but does no damage.
You block the yaktaur's attack.
The centaur hits you but does no damage.
You block the centaur's attack.
The orc warrior shouts!
You slash the skeletal warrior!
You destroy the skeletal warrior!
Okawaru accepts your kill.
You slash the centaur!
You kill the centaur!
Okawaru accepts your kill.
You slash the yaktaur!
You kill the yaktaur!
Okawaru accepts your kill.
The centaur shoots an arrow.
The arrow closely misses you.
The arrow barely misses the skeletal warrior.
The centaur unwields a +0 shortbow.
The centaur hits you but does no damage.
You block the centaur's attack.
You slice the centaur!!
You kill the centaur!
Okawaru accepts your kill.
You slash the orc!
You kill the orc!
You barely miss the skeletal warrior.
You block the skeletal warrior's attack.
You slice the skeletal warrior!!
The skeletal warrior is heavily damaged.
The skeletal warrior barely misses you.
You barely miss the skeletal warrior.
The skeletal warrior is heavily damaged.
You hit the orc. You slash the skeletal warrior!
The skeletal warrior is severely damaged.
You hit the orc but do no damage. You block the orc's attack.
The skeletal warrior hits you with a +0 war axe!
You die...

#..........#
####..........#
..............#
####..........#
..##..........#
#.[.....%.....#
###.........#####
#########...oo#####
#####z@...###..#
#..()#)#....... ##.###...#
### ...#.# ##..###.#.##
#..... #..###..#).## #....
###.###..###..## #[..# .
#...##..## ##..###...# ..
##.###..##...##..##...# ..J
#..##..##..#..##..#...#.$..


You could see a skeletal warrior, an orc warrior and an orc.

Vanquished Creatures
  Kirke (Lair:5)
  Gastronok (Lair:3)
  A dire elephant (Lair:5)
  Harold (D:9)
  9 hydras
  A merfolk avatar (Lair:5)
  An ogre mage (D:12)
  5 two-headed ogres
  7 centaur warriors
  2 boulder beetles
  Erica (D:9)
  A death yak (Lair:1)
  2 tengu warriors
  Sonja (Lair:3)
  4 skeletal warriors (D:15)
  3 sea snakes (Lair:5)
  Pikel (D:5)
  A bog body (Lair:1)
  5 deep elf pyromancers
  2 orc knights
  A harpy (Lair:5)
  4 manticores
  6 cyclopes
  2 black mambas (Lair:5)
  5 ugly things
  An elephant (Lair:5)
  10 cane toads
  2 gargoyles
  8 komodo dragons
  2 unseen horrors
  An efreet (D:13)
  2 yaktaurs
  Psyche (D:11)
  4 rime drakes
  A tengu conjurer (D:10)
  2 trolls
  5 polar bears
  5 meliai
  3 hornets
  16 slime creatures
  Prince Ribbit (D:5)
  20 blink frogs
  A slime creature (shapeshifter) (D:14)
  3 snapping turtles (Lair:5)
  4 shadows
  3 centaur simulacra
  2 jumping spiders (shapeshifter) (D:14)
  4 wyverns
  5 wraiths
  A water elemental (D:13)
  47 yaks
  Grum (D:8)
  A golden eye (shapeshifter) (D:14)
  7 basilisks
  5 humans (Lair:5)
  4 steam dragons
  2 vampire mosquitoes (D:14)
  Edmund (D:5)
  2 acid dragons
  11 water moccasins
  An orc warrior (D:9)
  Duvessa (D:7)
  An ice beast (D:8)
  3 sky beasts
  2 ogres (D:5)
  17 wolves
  11 centaurs
  2 lemures (D:5)
  4 necrophages
  8 bullfrogs
  A cane toad simulacrum (Lair:1)
  3 scorpions
  A two-headed ogre simulacrum (Lair:1)
  A gnoll sergeant (D:7)
  7 wights
  Dowan (D:7)
  An elephant simulacrum (Lair:1)
  22 killer bees
  4 howler monkeys
  4 electric eels
  2 jellies
  8 orc priests
  2 gnoll boudas
  4 hounds
  3 iguanas
  Natasha (thrice) (D:3)
  13 orc wizards
  A polar bear simulacrum (Lair:1)
  12 gnolls
  5 adders
  A white imp (D:7)
  2 ufetubi
  4 worms
  2 dart slugs
  31 orcs
  6 ball pythons
  2 endoplasms
  3 giant cockroaches
  7 goblins
  6 hobgoblins
  5 jackals
  A quokka (D:3)
  5 bats
  2 frilled lizards
  5 kobolds
  4 rats
  A butterfly (Lair:5)
491 creatures vanquished.

Vanquished Creatures (others)
  A death yak (Lair:1)
  A slime creature (D:15)
  26 fungi
  95 plants
123 creatures vanquished.

Grand Total: 614 creatures vanquished

Notes
Turn   | Place    | Note
-------+----------+-------------------------------------------
     0 | D:1      | qw the Gargoyle Fighter began the quest for the Orb.
     0 | D:1      | Reached XP level 1. HP: 14/14 MP: 1/1
     0 | D:1      | 0 ||| qw: Version: 0.1-a-119-g272c26d
     0 | D:1      | 0 ||| qw: Game counter: 10928
     0 | D:1      | 0 ||| qw: Always use a shield: true
     0 | D:1      | 0 ||| qw: God list: Okawaru
     0 | D:1      | 0 ||| qw: Allow faded altars: false
     0 | D:1      | 0 ||| qw: Do Orc after D:15 true
     0 | D:1      | 0 ||| qw: Do second Lair branch before Depths: true
     0 | D:1      | 0 ||| qw: Lair rune preference: random
     0 | D:1      | 0 ||| qw: Plans: Normal, Zot, God:TSO, Crypt, Tomb, Pan,
                  | Slime, Hells, Zig, Abyss, Orb
     0 | D:1      | 0 ||| PLANNING D:1-11
   166 | D:1      | Reached skill level 2 in Axes
   211 | D:1      | Reached XP level 2. HP: 19/19 MP: 2/2
   549 | D:1      | 549 ||| Stepping ~*~*~tactically~*~*~ (stealth).
   550 | D:1      | 550 ||| Stepping ~*~*~tactically~*~*~ (stealth).
   551 | D:1      | 551 ||| Stepping ~*~*~tactically~*~*~ (stealth).
   668 | D:1      | Found a faded altar of an unknown god.
   782 | D:1      | 782 ||| UPGRADING to +0 chain mail.
   792 | D:1      | 792 ||| DROPPING +0 scale mail.
   793 | D:1      | 793 ||| UPGRADING to +6 ring of dexterity.
   794 | D:1      | 794 ||| READING scroll labelled TYMUEG TIOS.
   795 | D:1      | 795 ||| READING scroll labelled OMEOMOI SOMAU.
   796 | D:1      | 796 ||| DRINKING 3 ruby potions.
   797 | D:1      | 797 ||| DROPPING 2 potions of degeneration.
   816 | D:2      | 816 ||| STAIRDANCE
   837 | D:2      | Reached skill level 3 in Axes
   881 | D:2      | Reached XP level 3. HP: 9/23 MP: 3/3
  1076 | D:2      | Found a shimmering altar of Xom.
  1197 | D:2      | 1197 ||| DROPPING +0 club.
  1739 | D:2      | 1739 ||| READING scroll labelled MOHEUM ZUMIYSCH.
  1740 | D:2      | 1740 ||| READING 4 scrolls labelled HUMABEH QUIQU.
  1740 | D:2      | Identified 4 scrolls of acquirement
  1740 | D:2      | 1740 ||| ACQUIRING 805 gold pieces
  1740 | D:2      | Acquired 805 gold pieces
  1742 | D:2      | 1742 ||| READING 3 scrolls of acquirement.
  1742 | D:2      | 1742 ||| ACQUIRING +1 buckler of Lugonu's Wrath {Dex+4
                  | SInv}
  1742 | D:2      | Acquired the +1 buckler of Lugonu's Wrath {Dex+4 SInv}
  1744 | D:2      | 1744 ||| UPGRADING to +1 buckler of Lugonu's Wrath {Dex+4
                  | SInv}.
  1754 | D:2      | 1754 ||| DROPPING +0 buckler.
  1755 | D:2      | 1755 ||| READING 2 scrolls of acquirement.
  1755 | D:2      | 1755 ||| ACQUIRING ring of Hiesab {Contam rElec AC+4 Dex+5}
  1755 | D:2      | Acquired the ring of Hiesab {Contam rElec AC+4 Dex+5}
  1757 | D:2      | 1757 ||| UPGRADING to ring of Hiesab {Contam rElec AC+4
                  | Dex+5}.
  1758 | D:2      | 1758 ||| READING scroll of acquirement.
  1758 | D:2      | 1758 ||| ACQUIRING 807 gold pieces
  1758 | D:2      | Acquired 807 gold pieces
  1760 | D:2      | 1760 ||| READING scroll labelled TYBRAF TYTU.
  1761 | D:2      | 1761 ||| READING 2 scrolls labelled XOLINWAONO.
  1766 | D:2      | 1766 ||| READING scroll labelled IPSUTU KURAEB.
  1767 | D:2      | 1767 ||| DRINKING 2 silvery potions.
  1857 | D:3      | 1857 ||| Stepping ~*~*~tactically~*~*~ (stealth).
  1858 | D:3      | 1858 ||| Stepping ~*~*~tactically~*~*~ (stealth).
  1892 | D:3      | Noticed a necrophage
  1899 | D:3      | Reached XP level 4. HP: 28/28 MP: 4/4
  1908 | D:3      | Killed a necrophage
  1909 | D:3      | Reached XP level 5. HP: 27/32 MP: 5/5
  2074 | D:3      | 2074 ||| Stepping ~*~*~tactically~*~*~ (stealth).
  2090 | D:3      | Found Mucoaqif's Book Shoppe.
  2254 | D:3      | Noticed Natasha
  2255 | D:3      | 2255 ||| Stepping ~*~*~tactically~*~*~ (hiding).
  2269 | D:3      | Killed Natasha
  2270 | D:3      | Reached skill level 4 in Axes
  2347 | D:3      | HP: 7/32 [orc priest/divine providence (9)]
  2348 | D:3      | 2348 ||| READING scroll of teleportation.
  2350 | D:3      | HP: 3/32 [orc priest/+0 short sword (1)]
  2686 | D:3      | Noticed Natasha
  2695 | D:3      | Killed Natasha
  2820 | D:3      | 2820 ||| Stepping ~*~*~tactically~*~*~ (stealth).
  2821 | D:3      | 2821 ||| Stepping ~*~*~tactically~*~*~ (stealth).
  2822 | D:3      | 2822 ||| Stepping ~*~*~tactically~*~*~ (stealth).
  2823 | D:3      | 2823 ||| Stepping ~*~*~tactically~*~*~ (stealth).
  2867 | D:3      | Noticed Natasha
  2868 | D:3      | 2868 ||| Stepping ~*~*~tactically~*~*~ (stealth).
  2885 | D:3      | Killed Natasha
  2886 | D:3      | Reached XP level 6. HP: 16/37 MP: 6/6
  3108 | D:3      | 3108 ||| Stepping ~*~*~tactically~*~*~ (stealth).
  3153 | D:3      | Noticed a black bear
  3153 | D:3      | Noticed a black bear
  3541 | D:3      | 3541 ||| READING scroll labelled CUDDEO QACK.
  3542 | D:3      | 3542 ||| DRINKING 2 dark potions.
  3543 | D:3      | 3543 ||| DRINKING 2 sapphire potions.
  3544 | D:3      | 3544 ||| DROPPING potion of invisibility.
  3597 | D:4      | 3597 ||| Stepping ~*~*~tactically~*~*~ (stealth).
  3602 | D:4      | 3602 ||| Stepping ~*~*~tactically~*~*~ (stealth).
  3692 | D:4      | 3692 ||| Stepping ~*~*~tactically~*~*~ (stealth).
  3693 | D:4      | 3693 ||| Stepping ~*~*~tactically~*~*~ (stealth).
  3829 | D:4      | 3829 ||| Stepping ~*~*~tactically~*~*~ (hiding).
  3835 | D:4      | Reached skill level 5 in Axes
  3835 | D:4      | 3835 ||| DRINKING 3 potions of curing.
  3835 | D:4      | 3835 ||| (to cure confusion)
  3918 | D:4      | 3918 ||| DROPPING +0 mace.
  3935 | D:4      | Found a staircase to the Ecumenical Temple.
  3936 | D:4      | 3936 ||| PLANNING TEMPLE
  3941 | D:4      | 3941 ||| Stepping randomly (stuck).
  3949 | D:4      | Reached XP level 7. HP: 40/44 MP: 7/7
  4425 | D:4      | 4425 ||| DROPPING ring of wizardry.
  4426 | D:4      | 4426 ||| READING scroll labelled WUPSIRRUYTS.
  4468 | Temple   | Entered the Ecumenical Temple
  4526 | Temple   | 4526 ||| PLANNING D:1-11
  4550 | Temple   | Became a worshipper of Warmaster Okawaru
  4591 | D:5      | Entered Level 5 of the Dungeon
  4600 | D:5      | 4600 ||| STAIRDANCE
  4686 | D:5      | Reached skill level 6 in Axes
  5148 | D:5      | Reached skill level 7 in Axes
  5148 | D:5      | Reached XP level 8. HP: 29/48 MP: 8/8
  5335 | D:5      | Noticed Prince Ribbit
  5480 | D:5      | Killed Prince Ribbit
  5480 | D:5      | Reached * piety under Okawaru
  5481 | D:5      | Reached skill level 6 in Fighting
  5640 | D:5      | Noticed Pikel
  5641 | D:5      | 5641 ||| INVOKING Heroism.
  5653 | D:5      | 5653 ||| INVOKING Heroism.
  5657 | D:5      | Killed Pikel
  5658 | D:5      | Reached skill level 8 in Axes
  5658 | D:5      | Reached skill level 3 in Invocations
  5701 | D:5      | 5701 ||| Stepping ~*~*~tactically~*~*~ (hiding).
  5703 | D:5      | 5703 ||| INVOKING Heroism.
  5709 | D:5      | 5709 ||| Stepping ~*~*~tactically~*~*~ (hiding).
  5716 | D:5      | Reached XP level 9. HP: 55/55 MP: 9/12
  5827 | D:5      | Noticed Edmund
  5828 | D:5      | 5828 ||| INVOKING Heroism.
  5832 | D:5      | Killed Edmund
  5832 | D:5      | Reached ** piety under Okawaru
  5935 | D:5      | 5935 ||| DROPPING +0 flail.
  6208 | D:5      | 6208 ||| DROPPING ring of positive energy.
  6209 | D:5      | 6209 ||| DRINKING 2 metallic pink potions.
  6210 | D:5      | 6210 ||| DROPPING potion of brilliance.
  6222 | D:6      | 6222 ||| STAIRDANCE
  6231 | D:5      | Reached skill level 9 in Axes
  6249 | D:6      | Found a stormy altar of Qazlal.
  6278 | D:6      | 6278 ||| Stepping ~*~*~tactically~*~*~ (stealth).
  6280 | D:6      | 6280 ||| Stepping ~*~*~tactically~*~*~ (hiding).
  6283 | D:6      | 6283 ||| INVOKING Heroism.
  6567 | D:6      | Found an ornate altar of the Wu Jian Council.
  6680 | D:6      | Found a runed translucent door.
  6683 | D:6      | Noticed qw's ghost (novice MiBe)
  6772 | D:6      | 6772 ||| DROPPING ring of magical power.
  6773 | D:6      | 6773 ||| UPGRADING to +4 ring of protection.
  6775 | D:6      | 6775 ||| DROPPING ring of willpower.
  6776 | D:6      | 6776 ||| DROPPING +6 ring of dexterity.
  6777 | D:6      | 6777 ||| READING 2 scrolls of identify.
  6777 | D:6      | 6777 ||| IDENTIFYING murky pink potion
  6778 | D:6      | 6778 ||| DROPPING potion of flight.
  6884 | D:7      | 6884 ||| READING 3 scrolls of teleportation.
  6914 | D:7      | Noticed Dowan
  6915 | D:7      | 6915 ||| INVOKING Heroism.
  6915 | D:7      | Noticed Duvessa
  6925 | D:7      | Killed Dowan
  6928 | D:7      | Killed Duvessa
  7125 | D:7      | 7125 ||| Stepping ~*~*~tactically~*~*~ (hiding).
  7189 | D:7      | 7189 ||| Stepping ~*~*~tactically~*~*~ (hiding).
  7204 | D:7      | 7204 ||| INVOKING Heroism.
  7422 | D:7      | 7422 ||| Stepping ~*~*~tactically~*~*~ (stealth).
  7423 | D:7      | 7423 ||| Stepping ~*~*~tactically~*~*~ (stealth).
  7425 | D:7      | 7425 ||| Stepping ~*~*~tactically~*~*~ (stealth).
  7427 | D:7      | 7427 ||| Stepping ~*~*~tactically~*~*~ (stealth).
  7463 | D:7      | 7463 ||| Stepping ~*~*~tactically~*~*~ (stealth).
  7465 | D:7      | 7465 ||| Stepping ~*~*~tactically~*~*~ (stealth).
  7467 | D:7      | 7467 ||| Stepping ~*~*~tactically~*~*~ (stealth).
  7490 | D:7      | 7490 ||| INVOKING Heroism.
  7492 | D:7      | Reached *** piety under Okawaru
  7493 | D:7      | Reached skill level 10 in Axes
  7493 | D:7      | Reached XP level 10. HP: 38/63 MP: 10/13
  7756 | D:7      | 7756 ||| INVOKING Heroism.
  7765 | D:7      | Reached skill level 3 in Dodging
  7800 | D:7      | Found an opulent altar of Gozag.
  7840 | D:7      | 7840 ||| READING scroll labelled IQUOD NOKOMIV.
  7922 | D:7      | 7922 ||| INVOKING Heroism.
  8197 | D:7      | 8197 ||| Stepping ~*~*~tactically~*~*~ (stealth).
  8275 | D:7      | 8275 ||| Stepping ~*~*~tactically~*~*~ (hiding).
  8276 | D:7      | 8276 ||| Stepping ~*~*~tactically~*~*~ (hiding).
  8417 | D:7      | 8417 ||| UPGRADING to +0 pair of boots.
  8422 | D:7      | 8422 ||| READING 2 scrolls of identify.
  8422 | D:7      | 8422 ||| IDENTIFYING white potion
  8423 | D:7      | 8423 ||| DROPPING potion of ambrosia.
  8486 | D:8      | 8486 ||| INVOKING Heroism.
  8560 | D:8      | 8560 ||| Stepping ~*~*~tactically~*~*~ (stealth).
  8562 | D:8      | 8562 ||| Stepping ~*~*~tactically~*~*~ (stealth).
  8609 | D:8      | 8609 ||| Stepping ~*~*~tactically~*~*~ (stealth).
  8620 | D:8      | Noticed a two-headed ogre
  8621 | D:8      | 8621 ||| INVOKING Heroism.
  8628 | D:8      | Killed a two-headed ogre
  8629 | D:8      | Reached skill level 6 in Armour
  8672 | D:8      | 8672 ||| Stepping ~*~*~tactically~*~*~ (stealth).
  8700 | D:8      | 8700 ||| DROPPING +1 vorpal war axe.
  8709 | D:8      | Noticed Grum
  8710 | D:8      | 8710 ||| Stepping ~*~*~tactically~*~*~ (hiding).
  8711 | D:8      | 8711 ||| Stepping ~*~*~tactically~*~*~ (hiding).
  8712 | D:8      | 8712 ||| INVOKING Heroism.
  8720 | D:8      | Noticed a two-headed ogre
  8720 | D:8      | Killed Grum
  8726 | D:8      | Reached **** piety under Okawaru
  8729 | D:8      | 8729 ||| INVOKING Heroism.
  8731 | D:8      | HP: 12/64 [two-headed ogre/+0 giant club (8)]
  8732 | D:8      | 8732 ||| READING 3 scrolls of teleportation.
  8777 | D:8      | 8777 ||| FLEEEEING.
  8778 | D:8      | 8778 ||| FLEEEEING.
  8779 | D:8      | 8779 ||| FLEEEEING.
  8780 | D:8      | 8780 ||| STAIRDANCE
  9003 | D:8      | 9003 ||| STAIRDANCE
  9148 | D:8      | 9148 ||| Stepping ~*~*~tactically~*~*~ (hiding).
  9152 | D:8      | 9152 ||| INVOKING Heroism.
  9269 | D:8      | 9269 ||| Stepping ~*~*~tactically~*~*~ (stealth).
  9272 | D:8      | 9272 ||| Stepping ~*~*~tactically~*~*~ (stealth).
  9273 | D:8      | 9273 ||| Stepping ~*~*~tactically~*~*~ (stealth).
  9293 | D:8      | 9293 ||| Stepping ~*~*~tactically~*~*~ (stealth).
  9445 | D:8      | 9445 ||| INVOKING Heroism.
  9456 | D:8      | Reached skill level 1 in Throwing
  9462 | D:8      | Killed a two-headed ogre
  9462 | D:8      | Received a gift from Okawaru
  9796 | D:8      | 9796 ||| READING scroll of enchant weapon.
  9796 | D:8      | 9796 ||| ENCHANTING +1 war axe.
  9797 | D:8      | 9797 ||| READING scroll labelled YBRINU IHIRIAB.
  9858 | D:8      | 9858 ||| READING scroll labelled HAIZANG FUXOE.
  9859 | D:8      | 9859 ||| READING 2 scrolls of identify.
  9859 | D:8      | 9859 ||| IDENTIFYING green potion
  9892 | D:9      | Noticed Harold
  9892 | D:9      | Found a hide-covered altar of Uskayaw.
  9893 | D:9      | 9893 ||| INVOKING Heroism.
  9910 | D:9      | Killed Harold
  9911 | D:9      | Reached skill level 11 in Axes
  9911 | D:9      | Reached skill level 6 in Invocations
  9911 | D:9      | Reached XP level 11. HP: 59/68 MP: 15/15
 10077 | D:9      | Noticed Erica
 10078 | D:9      | 10078 ||| INVOKING Heroism.
 10087 | D:9      | Killed Erica
 10164 | D:9      | 10164 ||| INVOKING Heroism.
 10291 | D:9      | Found a burning altar of Makhleb.
 10359 | D:9      | Noticed a two-headed ogre
 10360 | D:9      | 10360 ||| INVOKING Heroism.
 10370 | D:9      | Killed a two-headed ogre
 10370 | D:9      | Reached ***** piety under Okawaru
 10378 | D:9      | Found a staircase to the Lair.
 10403 | D:9      | 10403 ||| Stepping ~*~*~tactically~*~*~ (stealth).
 10406 | D:9      | 10406 ||| Stepping ~*~*~tactically~*~*~ (stealth).
 10408 | D:9      | 10408 ||| INVOKING Heroism.
 10420 | D:9      | Reached skill level 9 in Fighting
 10494 | D:9      | 10494 ||| Stepping ~*~*~tactically~*~*~ (stealth).
 10496 | D:9      | 10496 ||| Stepping ~*~*~tactically~*~*~ (stealth).
 10497 | D:9      | 10497 ||| Stepping ~*~*~tactically~*~*~ (stealth).
 10498 | D:9      | 10498 ||| INVOKING Heroism.
 10690 | D:9      | 10690 ||| INVOKING Heroism.
 10691 | D:9      | Received a gift from Okawaru
 10848 | D:9      | 10848 ||| Stepping ~*~*~tactically~*~*~ (stealth).
 10868 | D:9      | Found a broken altar of Ashenzari.
 10872 | D:9      | Saw a vision of the Swamp and the Spider Nest.
 10872 | D:9      | Noticed a jorogumo
 10872 | D:9      | Noticed an eleionoma
 10872 | D:9      | Noticed a broodmother
 10872 | D:9      | Noticed a pharaoh ant
 10872 | D:9      | Noticed a bog body
 10872 | D:9      | Noticed a goliath frog
 11009 | D:9      | 11009 ||| INVOKING Heroism.
 11053 | D:9      | Found a staircase to the Orcish Mines.
 11159 | D:9      | 11159 ||| UPGRADING to +0 plate armour.
 11169 | D:9      | 11169 ||| DROPPING +0 chain mail.
 11170 | D:9      | 11170 ||| READING scroll labelled LARHEWN XEPRUE.
 11187 | D:8      | Found a blossoming altar of Fedhas.
 11187 | D:8      | Found a hazy altar of Hepliaklqana.
 11194 | D:8      | 11194 ||| PLANNING LAIR
 11234 | Lair:1   | Entered Level 1 of the Lair of Beasts
 11237 | Lair:1   | 11237 ||| INVOKING Heroism.
 11309 | Lair:1   | 11309 ||| INVOKING Heroism.
 11462 | Lair:1   | 11462 ||| INVOKING Heroism.
 11472 | Lair:1   | Reached skill level 9 in Invocations
 11575 | Lair:1   | Noticed a four-headed hydra
 11576 | Lair:1   | 11576 ||| INVOKING Heroism.
 11577 | Lair:1   | 11577 ||| INVOKING Finesse.
 11579 | Lair:1   | 11579 ||| SWAPPING to +3 flail of draining.
 11586 | Lair:1   | Killed a four-headed hydra
 11587 | Lair:1   | 11587 ||| SWAPPING to +2 war axe.
 11751 | Lair:1   | 11751 ||| INVOKING Heroism.
 11786 | Lair:1   | Reached XP level 12. HP: 76/76 MP: 19/19
 11832 | Lair:1   | 11832 ||| Stepping ~*~*~tactically~*~*~ (hiding).
 11835 | Lair:1   | Noticed a death yak
 11836 | Lair:1   | 11836 ||| INVOKING Heroism.
 11837 | Lair:1   | 11837 ||| INVOKING Finesse.
 11844 | Lair:1   | Reached skill level 12 in Axes
 11858 | Lair:1   | 11858 ||| Stepping ~*~*~tactically~*~*~ (hiding).
 11866 | Lair:1   | Killed a death yak
 11873 | Lair:1   | Identified the +0 ring mail "Plog" {rC+++ Will+ rCorr}
                  | (Okawaru gifted it to you on level 1 of the Lair of Beasts)
 11873 | Lair:1   | Received a gift from Okawaru
 11911 | Lair:1   | 11911 ||| Stepping ~*~*~tactically~*~*~ (stealth).
 11989 | Lair:1   | 11989 ||| INVOKING Heroism.
 12148 | Lair:1   | 12148 ||| INVOKING Heroism.
 12148 | Lair:1   | Noticed a death yak
 12149 | Lair:1   | 12149 ||| INVOKING Finesse.
 12174 | Lair:1   | Killed a death yak
 12175 | Lair:1   | Reached skill level 6 in Shields
 12346 | Lair:1   | 12346 ||| INVOKING Heroism.
 12707 | Lair:1   | 12707 ||| READING scroll labelled SEW YRUYLOR.
 12708 | Lair:1   | 12708 ||| READING scroll labelled CUOMAD JILALONTIO.
 12709 | Lair:1   | 12709 ||| READING 2 scrolls of identify.
 12709 | Lair:1   | 12709 ||| IDENTIFYING brown potion
 12710 | Lair:1   | 12710 ||| DROPPING potion of berserk rage.
 12772 | Lair:2   | 12772 ||| Stepping ~*~*~tactically~*~*~ (hiding).
 12780 | Lair:2   | 12780 ||| INVOKING Heroism.
 12786 | Lair:2   | Reached skill level 3 in Throwing
 12938 | Lair:2   | Found a staircase to the Swamp.
 13229 | Lair:2   | 13229 ||| Stepping ~*~*~tactically~*~*~ (stealth).
 13236 | Lair:2   | 13236 ||| INVOKING Heroism.
 13454 | Lair:2   | 13454 ||| INVOKING Heroism.
 13940 | Lair:2   | 13940 ||| Stepping ~*~*~tactically~*~*~ (stealth).
 13945 | Lair:2   | 13945 ||| INVOKING Heroism.
 14134 | Lair:2   | 14134 ||| UPGRADING to +1 helmet of intelligence.
 14139 | Lair:2   | 14139 ||| DROPPING +6 ring of strength.
 14243 | Lair:3   | 14243 ||| INVOKING Heroism.
 14250 | Lair:3   | 14250 ||| Stepping ~*~*~tactically~*~*~ (stealth).
 14265 | Lair:3   | 14265 ||| READING scroll of enchant armour.
 14265 | Lair:3   | 14265 ||| ENCHANTING +1 helmet of intelligence.
 14334 | Lair:3   | Noticed a five-headed hydra
 14335 | Lair:3   | 14335 ||| INVOKING Heroism.
 14336 | Lair:3   | 14336 ||| INVOKING Finesse.
 14337 | Lair:3   | 14337 ||| INVOKING Finesse.
 14338 | Lair:3   | 14338 ||| SWAPPING to +3 flail of draining.
 14339 | Lair:3   | 14339 ||| Stepping ~*~*~tactically~*~*~ (stealth).
 14346 | Lair:3   | Killed a five-headed hydra
 14347 | Lair:3   | Reached skill level 9 in Armour
 14347 | Lair:3   | 14347 ||| SWAPPING to +2 war axe.
 14440 | Lair:3   | 14440 ||| INVOKING Heroism.
 14550 | Lair:3   | Noticed Gastronok
 14551 | Lair:3   | 14551 ||| INVOKING Heroism.
 14568 | Lair:3   | 14568 ||| INVOKING Heroism.
 14579 | Lair:3   | Killed Gastronok
 14580 | Lair:3   | Reached skill level 13 in Axes
 14580 | Lair:3   | Reached XP level 13. HP: 57/82 MP: 18/20
 14696 | Lair:3   | Identified the +0 chain mail of the Rose {Str+2 Int+2}
 14710 | Lair:3   | 14710 ||| INVOKING Heroism.
 14957 | Lair:3   | You fall into a shaft and drop 1 floor!
 15018 | Lair:4   | 15018 ||| INVOKING Heroism.
 15019 | Lair:4   | 15019 ||| INVOKING Finesse.
 15021 | Lair:4   | 15021 ||| SWAPPING to +3 flail of draining.
 15030 | Lair:4   | 15030 ||| SWAPPING to +2 war axe.
 15133 | Lair:4   | Found a viscous altar of Jiyva.
 15133 | Lair:4   | Found a staircase to the Slime Pits.
 15166 | Lair:4   | 15166 ||| DROPPING +0 chain mail of the Rose {Str+2 Int+2}.
 15216 | Lair:3   | Noticed Sonja
 15217 | Lair:3   | 15217 ||| INVOKING Finesse.
 15219 | Lair:3   | 15219 ||| INVOKING Heroism.
 15226 | Lair:3   | Killed Sonja
 15341 | Lair:3   | 15341 ||| INVOKING Heroism.
 15366 | Lair:3   | Reached skill level 14 in Axes
 15401 | Lair:3   | Found a hole to the Spider Nest.
 15445 | Lair:3   | 15445 ||| INVOKING Heroism.
 15825 | Lair:3   | 15825 ||| READING 4 scrolls of identify.
 15825 | Lair:3   | 15825 ||| IDENTIFYING fizzy grey potion
 15876 | Lair:4   | 15876 ||| INVOKING Heroism.
 16029 | Lair:4   | Found a transporter.
 16033 | Lair:4   | 16033 ||| SWAPPING to +0 broad axe.
 16034 | Lair:4   | 16034 ||| DROPPING +2 war axe.
 16070 | Lair:4   | 16070 ||| INVOKING Heroism.
 16127 | Lair:4   | Found a transporter.
 16375 | Lair:5   | Entered Level 5 of the Lair of Beasts
 16376 | Lair:5   | 16376 ||| INVOKING Heroism.
 16390 | Lair:5   | 16390 ||| SWAPPING to +3 flail of draining.
 16393 | Lair:5   | 16393 ||| Stepping ~*~*~tactically~*~*~ (outnumbered).
 16395 | Lair:5   | 16395 ||| Stepping ~*~*~tactically~*~*~ (outnumbered).
 16396 | Lair:5   | 16396 ||| STAIRDANCE
 16398 | Lair:4   | 16398 ||| SWAPPING to +0 broad axe.
 16569 | Lair:5   | 16569 ||| STAIRDANCE
 16571 | Lair:4   | 16571 ||| INVOKING Heroism.
 16572 | Lair:4   | 16572 ||| SWAPPING to +3 flail of draining.
 16577 | Lair:4   | 16577 ||| Stepping ~*~*~tactically~*~*~ (outnumbered).
 16579 | Lair:4   | 16579 ||| Stepping ~*~*~tactically~*~*~ (outnumbered).
 16583 | Lair:4   | 16583 ||| SWAPPING to +0 broad axe.
 16861 | Lair:5   | 16861 ||| STAIRDANCE
 16863 | Lair:4   | 16863 ||| INVOKING Heroism.
 16883 | Lair:5   | Noticed a dire elephant
 16911 | Lair:5   | Killed a dire elephant
 16947 | Lair:5   | 16947 ||| INVOKING Heroism.
 17089 | Lair:5   | 17089 ||| FLEEEEING.
 17090 | Lair:5   | 17090 ||| FLEEEEING.
 17091 | Lair:5   | 17091 ||| STAIRDANCE
 17138 | Lair:5   | 17138 ||| STAIRDANCE
 17203 | Lair:4   | 17203 ||| Stepping ~*~*~tactically~*~*~ (stealth).
 17316 | Lair:5   | 17316 ||| Stepping ~*~*~tactically~*~*~ (stealth).
 17317 | Lair:5   | 17317 ||| Stepping ~*~*~tactically~*~*~ (stealth).
 17342 | Lair:5   | 17342 ||| Stepping ~*~*~tactically~*~*~ (stealth).
 17401 | Lair:5   | 17401 ||| Stepping ~*~*~tactically~*~*~ (water).
 17413 | Lair:5   | 17413 ||| INVOKING Heroism.
 17509 | Lair:5   | Noticed Kirke
 17510 | Lair:5   | 17510 ||| INVOKING Heroism.
 17511 | Lair:5   | 17511 ||| INVOKING Finesse.
 17524 | Lair:5   | Killed Kirke
 17572 | Lair:5   | 17572 ||| INVOKING Finesse.
 17575 | Lair:5   | 17575 ||| INVOKING Heroism.
 17630 | Lair:5   | 17630 ||| INVOKING Heroism.
 17666 | Lair:5   | 17666 ||| Stepping ~*~*~tactically~*~*~ (stealth).
 17667 | Lair:5   | 17667 ||| FLEEEEING.
 17670 | Lair:5   | 17670 ||| Stepping ~*~*~tactically~*~*~ (stealth).
 17677 | Lair:5   | 17677 ||| INVOKING Heroism.
 17989 | Lair:5   | 17989 ||| INVOKING Heroism.
 18016 | Lair:5   | 18016 ||| Stepping ~*~*~tactically~*~*~ (stealth).
 18017 | Lair:5   | 18017 ||| Stepping ~*~*~tactically~*~*~ (stealth).
 18037 | Lair:5   | 18037 ||| INVOKING Heroism.
 18048 | Lair:5   | Gained mutation: Your large and strong wings let you fly.
                  | [Gargoyle growth]
 18048 | Lair:5   | Reached XP level 14. HP: 68/90 MP: 19/21
 18135 | Lair:5   | Received a gift from Okawaru
 18184 | Lair:5   | 18184 ||| FLEEEEING.
 18189 | Lair:5   | 18189 ||| Stepping ~*~*~tactically~*~*~ (stealth).
 18190 | Lair:5   | 18190 ||| Stepping ~*~*~tactically~*~*~ (stealth).
 18303 | Lair:5   | 18303 ||| Stepping ~*~*~tactically~*~*~ (stealth).
 18304 | Lair:5   | 18304 ||| Stepping ~*~*~tactically~*~*~ (stealth).
 18445 | Lair:5   | 18445 ||| Stepping ~*~*~tactically~*~*~ (cloud).
 18455 | Lair:5   | 18455 ||| Stepping ~*~*~tactically~*~*~ (cloud).
 18471 | Lair:5   | 18471 ||| FLEEEEING.
 18571 | Lair:5   | 18571 ||| INVOKING Heroism.
 18578 | Lair:5   | Reached skill level 15 in Axes
 18736 | Lair:5   | 18736 ||| READING scroll of enchant weapon.
 18736 | Lair:5   | 18736 ||| ENCHANTING +0 broad axe.
 18953 | Lair:5   | 18953 ||| PLANNING D:1-11
 18953 | Lair:5   | 18953 ||| DROPPING +4 ring of evasion.
 19123 | D:10     | Entered Level 10 of the Dungeon
 19182 | D:10     | 19182 ||| READING 5 scrolls of teleportation.
 19187 | D:10     | 19187 ||| INVOKING Heroism.
 19291 | D:10     | 19291 ||| INVOKING Heroism.
 19505 | D:10     | Found a shadowy altar of Dithmenos.
 19557 | D:10     | 19557 ||| READING scroll labelled GAUNEMNOVA.
 19582 | D:10     | 19582 ||| READING 4 scrolls of teleportation.
 19599 | D:10     | 19599 ||| READING 3 scrolls of teleportation.
 19615 | D:10     | 19615 ||| READING 2 scrolls of teleportation.
 19624 | D:10     | 19624 ||| READING scroll of teleportation.
 19648 | D:10     | Identified the ring "Dolisolo" {Str+2 Dex+6}
 19649 | D:10     | 19649 ||| Stepping randomly (stuck).
 19650 | D:10     | 19650 ||| Stepping randomly (stuck).
 19651 | D:10     | 19651 ||| Stepping randomly (stuck).
 19652 | D:10     | 19652 ||| Stepping randomly (stuck).
 19653 | D:10     | 19653 ||| Stepping randomly (stuck).
 19654 | D:10     | 19654 ||| Stepping randomly (stuck).
 19655 | D:10     | 19655 ||| Stepping randomly (stuck).
 19658 | D:10     | 19658 ||| Stepping randomly (stuck).
 19659 | D:10     | 19659 ||| Stepping randomly (stuck).
 19660 | D:10     | 19660 ||| Stepping randomly (stuck).
 19661 | D:10     | 19661 ||| Stepping randomly (stuck).
 19662 | D:10     | 19662 ||| Stepping randomly (stuck).
 19663 | D:10     | 19663 ||| Stepping randomly (stuck).
 19664 | D:10     | 19664 ||| Stepping randomly (stuck).
 19665 | D:10     | 19665 ||| Stepping randomly (stuck).
 19682 | D:10     | 19682 ||| Stepping randomly (stuck).
 19683 | D:10     | 19683 ||| Stepping randomly (stuck).
 19684 | D:10     | 19684 ||| Stepping randomly (stuck).
 19685 | D:10     | 19685 ||| Stepping randomly (stuck).
 19686 | D:10     | 19686 ||| Stepping randomly (stuck).
 19687 | D:10     | 19687 ||| Stepping randomly (stuck).
 19688 | D:10     | 19688 ||| Stepping randomly (stuck).
 19689 | D:10     | 19689 ||| Stepping randomly (stuck).
 19690 | D:10     | 19690 ||| Stepping randomly (stuck).
 19691 | D:10     | 19691 ||| Stepping randomly (stuck).
 19692 | D:10     | 19692 ||| Stepping randomly (stuck).
 19695 | D:10     | 19695 ||| Stepping randomly (stuck).
 19696 | D:10     | 19696 ||| Stepping randomly (stuck).
 19697 | D:10     | 19697 ||| Stepping randomly (stuck).
 19698 | D:10     | 19698 ||| Stepping randomly (stuck).
 19768 | D:10     | 19768 ||| Stepping randomly (stuck).
 19769 | D:10     | 19769 ||| Stepping randomly (stuck).
 19770 | D:10     | 19770 ||| Stepping randomly (stuck).
 19771 | D:10     | 19771 ||| Stepping randomly (stuck).
 19772 | D:10     | 19772 ||| Stepping randomly (stuck).
 19773 | D:10     | 19773 ||| Stepping randomly (stuck).
 19775 | D:10     | 19775 ||| Stepping randomly (stuck).
 19784 | D:10     | 19784 ||| Stepping randomly (stuck).
 19785 | D:10     | 19785 ||| Stepping randomly (stuck).
 19788 | D:10     | 19788 ||| INVOKING Heroism.
 19800 | D:10     | HP: 19/91 [meliai/+0 hand axe (9)]
 19801 | D:10     | 19801 ||| DRINKING 6 potions of heal wounds.
 20021 | D:10     | 20021 ||| INVOKING Heroism.
 20052 | D:10     | Identified the +1 hat of Eternal Vigilance {rF+ rN+ Str-5
                  | Dex+2} (Okawaru gifted it to you on level 10 of the
                  | Dungeon)
 20052 | D:10     | Received a gift from Okawaru
 20053 | D:10     | Reached skill level 12 in Fighting
 20153 | D:10     | Identified the +1 scale mail of Evolution {Slay+2}
 20232 | D:11     | 20232 ||| Stepping ~*~*~tactically~*~*~ (hiding).
 20236 | D:11     | 20236 ||| INVOKING Heroism.
 20244 | D:11     | 20244 ||| DRINKING 12 potions of curing.
 20244 | D:11     | 20244 ||| (to cure confusion)
 20346 | D:11     | 20346 ||| INVOKING Heroism.
 20490 | D:11     | Noticed Psyche
 20499 | D:11     | Killed Psyche
 20625 | D:11     | 20625 ||| Stepping ~*~*~tactically~*~*~ (hiding).
 20626 | D:11     | 20626 ||| Stepping ~*~*~tactically~*~*~ (hiding).
 20629 | D:11     | 20629 ||| INVOKING Heroism.
 20756 | D:11     | You are sucked into a shaft and drop 3 floors!
 20765 | D:14     | 20765 ||| INVOKING Heroism.
 20766 | D:14     | 20766 ||| SWAPPING to +3 flail of draining.
 20767 | D:14     | 20767 ||| INVOKING Finesse.
 20774 | D:14     | 20774 ||| Stepping ~*~*~tactically~*~*~ (hiding).
 20775 | D:14     | 20775 ||| SWAPPING to +1 broad axe.
 20891 | D:14     | 20891 ||| UPGRADING to +0 gold dragon scales.
 20901 | D:14     | 20901 ||| DROPPING +0 plate armour.
 20902 | D:14     | 20902 ||| READING scroll labelled SOSUPP KOHASH.
 21054 | D:13     | 21054 ||| Stepping ~*~*~tactically~*~*~ (hiding).
 21147 | D:13     | Found Ruisuim's General Store.
 21155 | D:13     | 21155 ||| BUYING scroll of identify (28 gold).
 21155 | D:13     | Bought a scroll of identify for 28 gold pieces
 21159 | D:13     | 21159 ||| DROPPING amulet of guardian spirit.
 21162 | D:13     | 21162 ||| Stepping ~*~*~tactically~*~*~ (hiding).
 21163 | D:13     | 21163 ||| Stepping ~*~*~tactically~*~*~ (hiding).
 21197 | D:12     | 21197 ||| FLEEEEING.
 21198 | D:12     | 21198 ||| FLEEEEING.
 21199 | D:12     | 21199 ||| FLEEEEING.
 21200 | D:12     | 21200 ||| FLEEEEING.
 21201 | D:12     | 21201 ||| STAIRDANCE
 21263 | D:11     | 21263 ||| DROPPING +3 flail of draining.
 21494 | D:11     | 21494 ||| PLANNING D
 21494 | D:11     | 21494 ||| READING 9 scrolls of identify.
 21494 | D:11     | 21494 ||| IDENTIFYING sedimented cyan potion
 21515 | D:12     | Found the +12 glaive of Prune {vorpal}
 21516 | D:12     | 21516 ||| STAIRDANCE
 21622 | D:12     | 21622 ||| Stepping ~*~*~tactically~*~*~ (hiding).
 22012 | D:12     | Found Baomo Supee's Weapon Boutique.
 22151 | D:12     | 22151 ||| INVOKING Heroism.
 22152 | D:12     | 22152 ||| INVOKING Finesse.
 22338 | D:12     | Noticed Jorgrun
 22339 | D:12     | 22339 ||| INVOKING Heroism.
 22340 | D:12     | 22340 ||| INVOKING Finesse.
 22353 | D:12     | HP: 18/92 [Jorgrun/iron shot (33)]
 22354 | D:12     | 22354 ||| READING scroll of teleportation.
 22355 | D:12     | 22355 ||| DRINKING 6 potions of heal wounds.
 22590 | D:12     | 22590 ||| Stepping ~*~*~tactically~*~*~ (stealth).
 22665 | D:12     | 22665 ||| Stepping ~*~*~tactically~*~*~ (hiding).
 22734 | D:12     | 22734 ||| Stepping ~*~*~tactically~*~*~ (stealth).
 22737 | D:12     | 22737 ||| Stepping ~*~*~tactically~*~*~ (stealth).
 22765 | D:12     | 22765 ||| Stepping ~*~*~tactically~*~*~ (hiding).
 22766 | D:12     | 22766 ||| Stepping ~*~*~tactically~*~*~ (hiding).
 22769 | D:12     | 22769 ||| INVOKING Heroism.
 22770 | D:12     | 22770 ||| SWAPPING to +0 morningstar.
 22771 | D:12     | 22771 ||| INVOKING Finesse.
 22772 | D:12     | 22772 ||| Stepping ~*~*~tactically~*~*~ (outnumbered).
 22773 | D:12     | 22773 ||| SWAPPING to +1 vorpal broad axe.
 22774 | D:12     | 22774 ||| SWAPPING to +0 morningstar.
 22775 | D:12     | 22775 ||| Stepping ~*~*~tactically~*~*~ (outnumbered).
 22780 | D:12     | 22780 ||| Stepping ~*~*~tactically~*~*~ (outnumbered).
 22787 | D:12     | 22787 ||| Stepping ~*~*~tactically~*~*~ (outnumbered).
 22788 | D:12     | 22788 ||| SWAPPING to +1 vorpal broad axe.
 22789 | D:12     | 22789 ||| SWAPPING to +0 morningstar.
 22790 | D:12     | 22790 ||| Stepping ~*~*~tactically~*~*~ (outnumbered).
 22792 | D:12     | 22792 ||| Stepping ~*~*~tactically~*~*~ (outnumbered).
 22793 | D:12     | 22793 ||| SWAPPING to +1 vorpal broad axe.
 22794 | D:12     | 22794 ||| SWAPPING to +0 morningstar.
 22795 | D:12     | 22795 ||| Stepping ~*~*~tactically~*~*~ (outnumbered).
 22808 | D:12     | HP: 23/92 [fire elemental[a deep elf pyromancer] (2)]
 22809 | D:12     | 22809 ||| DRINKING 5 potions of heal wounds.
 22825 | D:12     | HP: 22/92 [eight-headed hydra (8)]
 22826 | D:12     | 22826 ||| DRINKING 4 potions of heal wounds.
 22829 | D:12     | Reached skill level 12 in Armour
 22829 | D:12     | 22829 ||| SWAPPING to +1 vorpal broad axe.
 23050 | D:12     | 23050 ||| READING scroll of enchant armour.
 23050 | D:12     | 23050 ||| ENCHANTING +0 gold dragon scales.
 23059 | D:12     | 23059 ||| Stepping ~*~*~tactically~*~*~ (stealth).
 23061 | D:12     | 23061 ||| Stepping ~*~*~tactically~*~*~ (hiding).
 23066 | D:12     | 23066 ||| Stepping ~*~*~tactically~*~*~ (stealth).
 23211 | D:12     | 23211 ||| Stepping ~*~*~tactically~*~*~ (stealth).
 23333 | D:12     | 23333 ||| Stepping ~*~*~tactically~*~*~ (hiding).
 23336 | D:12     | 23336 ||| INVOKING Heroism.
 23343 | D:12     | Received a gift from Okawaru
 23442 | D:12     | Identified the amulet of Acuh {Faith Will- Regen+ Dex+8}
 23745 | D:12     | 23745 ||| UPGRADING to amulet of Acuh {Faith Will- Regen+
                  | Dex+8}.
 23750 | D:12     | 23750 ||| UPGRADING to amulet of reflection.
 23792 | D:13     | Found a transporter.
 23794 | D:13     | Found a transporter.
 23794 | D:13     | Identified the +7 great mace of Sudden Death {vorpal, rPois
                  | rCorr SInv}
 23794 | D:13     | Identified the +9 great mace "Decec" {vorpal, rPois Str+5
                  | Int-3}
 23794 | D:13     | Noticed qw's ghost (journeyman MiBe)
 23804 | D:13     | 23804 ||| INVOKING Heroism.
 23805 | D:13     | 23805 ||| SWAPPING to +0 morningstar.
 23809 | D:13     | 23809 ||| Stepping ~*~*~tactically~*~*~ (outnumbered).
 23810 | D:13     | 23810 ||| Stepping ~*~*~tactically~*~*~ (outnumbered).
 23811 | D:13     | 23811 ||| Stepping ~*~*~tactically~*~*~ (outnumbered).
 23812 | D:13     | 23812 ||| Stepping ~*~*~tactically~*~*~ (outnumbered).
 23813 | D:13     | 23813 ||| Stepping ~*~*~tactically~*~*~ (outnumbered).
 23814 | D:13     | 23814 ||| Stepping ~*~*~tactically~*~*~ (outnumbered).
 23815 | D:13     | 23815 ||| Stepping ~*~*~tactically~*~*~ (outnumbered).
 23816 | D:13     | 23816 ||| Stepping ~*~*~tactically~*~*~ (outnumbered).
 23826 | D:13     | 23826 ||| SWAPPING to +1 vorpal broad axe.
 23916 | D:13     | 23916 ||| Stepping ~*~*~tactically~*~*~ (stealth).
 23938 | D:13     | Reached skill level 16 in Axes
 23941 | D:13     | 23941 ||| Stepping ~*~*~tactically~*~*~ (stealth).
 23948 | D:13     | 23948 ||| Stepping ~*~*~tactically~*~*~ (stealth).
 23952 | D:13     | Reached XP level 15. HP: 95/96 MP: 22/22
 24174 | D:13     | 24174 ||| READING 11 scrolls of identify.
 24174 | D:13     | 24174 ||| IDENTIFYING lumpy grey potion
 24430 | D:14     | 24430 ||| INVOKING Heroism.
 24505 | D:14     | 24505 ||| Stepping ~*~*~tactically~*~*~ (hiding).
 24506 | D:14     | 24506 ||| Stepping ~*~*~tactically~*~*~ (hiding).
 24617 | D:14     | 24617 ||| READING scroll of enchant weapon.
 24617 | D:14     | 24617 ||| ENCHANTING +1 vorpal broad axe.
 24624 | D:14     | 24624 ||| INVOKING Heroism.
 24627 | D:14     | HP: 16/96 [meliai/divine providence (9)]
 24628 | D:14     | 24628 ||| READING scroll of teleportation.
 24629 | D:14     | 24629 ||| DRINKING 3 potions of heal wounds.
 24629 | D:14     | HP: 7/96 [meliai/divine providence (11)]
 24630 | D:14     | 24630 ||| DRINKING 2 potions of heal wounds.
 24631 | D:14     | 24631 ||| DRINKING potion of heal wounds.
 24915 | D:14     | 24915 ||| DRINKING 11 potions of curing.
 24915 | D:14     | 24915 ||| (to cure confusion)
 24945 | D:14     | 24945 ||| Stepping ~*~*~tactically~*~*~ (stealth).
 24946 | D:14     | 24946 ||| Stepping ~*~*~tactically~*~*~ (stealth).
 25042 | D:14     | 25042 ||| INVOKING Heroism.
 25077 | D:14     | 25077 ||| FLEEEEING.
 25078 | D:14     | 25078 ||| FLEEEEING.
 25079 | D:14     | 25079 ||| FLEEEEING.
 25080 | D:14     | 25080 ||| FLEEEEING.
 25081 | D:14     | 25081 ||| FLEEEEING.
 25082 | D:14     | 25082 ||| FLEEEEING.
 25083 | D:14     | 25083 ||| FLEEEEING.
 25084 | D:14     | 25084 ||| FLEEEEING.
 25085 | D:14     | 25085 ||| FLEEEEING.
 25088 | D:14     | 25088 ||| FLEEEEING.
 25089 | D:14     | 25089 ||| FLEEEEING.
 25090 | D:14     | 25090 ||| FLEEEEING.
 25091 | D:14     | 25091 ||| FLEEEEING.
 25092 | D:14     | 25092 ||| FLEEEEING.
 25094 | D:14     | 25094 ||| FLEEEEING.
 25096 | D:14     | 25096 ||| FLEEEEING.
 25097 | D:14     | 25097 ||| STAIRDANCE
 25296 | D:14     | Found a gate to the Vaults.
 25363 | D:14     | 25363 ||| Stepping ~*~*~tactically~*~*~ (hiding).
 25375 | D:14     | 25375 ||| INVOKING Heroism.
 25578 | D:15     | Entered Level 15 of the Dungeon
 25646 | D:15     | Found a glowing golden altar of the Shining One.
 25699 | D:15     | 25699 ||| Stepping ~*~*~tactically~*~*~ (stealth).
 25700 | D:15     | 25700 ||| Stepping ~*~*~tactically~*~*~ (stealth).
 25701 | D:15     | 25701 ||| FLEEEEING.
 25704 | D:15     | 25704 ||| FLEEEEING.
 25705 | D:15     | 25705 ||| FLEEEEING.
 25706 | D:15     | 25706 ||| FLEEEEING.
 25707 | D:15     | 25707 ||| FLEEEEING.
 25708 | D:15     | 25708 ||| Stepping ~*~*~tactically~*~*~ (hiding).
 25709 | D:15     | 25709 ||| Stepping ~*~*~tactically~*~*~ (hiding).
 25711 | D:15     | 25711 ||| INVOKING Heroism.
 25718 | D:15     | 25718 ||| SWAPPING to +0 morningstar.
 25724 | D:15     | 25724 ||| Stepping ~*~*~tactically~*~*~ (outnumbered).
 25725 | D:15     | 25725 ||| Stepping ~*~*~tactically~*~*~ (outnumbered).
 25728 | D:15     | 25728 ||| Stepping ~*~*~tactically~*~*~ (outnumbered).
 25729 | D:15     | 25729 ||| Stepping ~*~*~tactically~*~*~ (outnumbered).
 25731 | D:15     | 25731 ||| Stepping ~*~*~tactically~*~*~ (outnumbered).
 25733 | D:15     | 25733 ||| Stepping ~*~*~tactically~*~*~ (outnumbered).
 25752 | D:15     | 25752 ||| SWAPPING to +2 vorpal broad axe.
 25772 | D:15     | HP: 24/96 [skeletal warrior/+0 hand axe (3)]
 25776 | D:15     | 25776 ||| INVOKING Heroism.
 25779 | D:15     | HP: 16/96 [skeletal warrior/+0 hand axe (9)]
 25798 | D:15     | Received a gift from Okawaru
 25800 | D:15     | HP: 10/96 [centaur/arrow[a centaur warrior] (2)]
 25811 | D:15     | Slain by a skeletal warrior

Levels and vault maps discovered:
D:1:      matt_arrival_los_fun, layout_basic,
          hellmonk_ecumenical_altar_leap_of_faith
D:2:      layout_basic, basic_altar
D:3:      layout_basic, serial_shops, nicolae_shop_trees,
          lightli_corner_chamber, uniq_natasha
D:4:      layout_basic, minmay_temple_entry_glass, serial_corexii_hall,
          corexii_hall_statues_x, corexii_hall_statues_deadend
D:5:      layout_loops_corners, serial_bayou_lake_a, uniq_pikel, uniq_edmund,
          uniq_prince_ribbit1
D:6:      layout_rooms, mainiacjoe_overflow_24_doors,
          nicolae_wu_jian_wuxing_cycle, ebering_ghost_sewer_d,
          skrybe_limestone_x
D:7:      layout_loops_ring, nicolae_gozag_cash_rules_everything_around_me,
          serial_co_window_serial, co_window_corner_a, co_window_paths_a,
          co_window_paths_b, co_window_paths_b, co_window_paths_b,
          co_window_paths_b, co_window_of_opportunity_c, co_window_broadway_a,
          co_window_broadway_a, co_window_paths_c, co_window_cross_4,
          co_window_of_opportunity_c, co_window_paths_e, co_window_4corner_a,
          glass_columns_c, glass_columns_b, glass_columns_a, glass_columns_c,
          glass_columns_c, uniq_duvessa
D:8:      layout_basic, nicolae_overflow_hidden_temple, uniq_grum
D:9:      layout_roguey, grunt_ashenzari_visionary
          [grunt_ashenzari_visionary_swamp, grunt_ashenzari_visionary_spider],
          mainiacjoe_overflow_paths, eat_drink_and_be_merry_uskayaw,
          orc_0_dummy, nicolae_kite_square_tiling_tiny, uniq_erica, uniq_harold
D:10:     layout_rooms, nicolae_dithmenos_through_a_glass_darkly,
          minmay_stone_trees_small, minmay_diamond_spiral
D:11:     layout_irregular_city, uniq_psyche
D:12:     minmay_the_grid_triangle_9x9_line_8_mashed
          [minmay_the_grid_triangle_9x9_minimal,
          minmay_the_grid_triangle_9x9_flanged_cone,
          minmay_the_grid_triangle_9x9_zippers_horizontal,
          minmay_the_grid_triangle_9x9_skeleton,
          minmay_the_grid_triangle_9x9_longest,
          minmay_the_grid_triangle_9x9_corruption,
          minmay_the_grid_triangle_9x9_intruding_spiral,
          minmay_the_grid_triangle_9x9_prize_center], layout_basic,
          serial_shops, shop, uniq_jorgrun
D:13:     layout_basic, gammafunk_ghost_smash, serial_shops,
          nicolae_shop_hallway_plus
D:14:     layout_basic, david_vaults_2
D:15:     grunt_enter_depths_magical_seal, layout_rooms, tso_metal_star
Temple:   nicolae_temple_god_jail
Lair:1:   dreamdust_isle_of_ice, layout_cave_pods, minivault_23
Lair:2:   layout_layer_cave, swamp_mist_pool
Lair:3:   layout_chaotic_city, hellmonk_spider_entry_not_the_bees,
          uniq_gastronok, uniq_sonja
Lair:4:   gammafunk_worm_tunnel, layout_loops_ring, dpeg_slime_entry_enclosed,
          infiniplex_staircase_pool_2
Lair:5:   gammafunk_lair_ancient_temple, layout_gridlike, lemuel_fruit_fields,
          uniq_kirke

Skill      XL: |  1  2  3  4  5  6  7  8  9 10 11 12 13 14 15 |
---------------+----------------------------------------------+-----
Axes           | 2 3 4 5 7 8 10 11 13 14 16 | 16.7
Dodging        | 2 3 4 |  4.0
Fighting       | 4 6 7 8 9 10 11 12 | 12.0
Invocations    | 4 6 9 10 | 10.0
Shields        | 4 5 6 7 8 |  8.1
Armour         | 4 6 7 9 10 12 13 | 13.0
Throwing       | 1 3 4 |  4.0

Action                   |  1- 3 |  4- 6 |  7- 9 | 10-12 | 13-15 || total
-------------------------+-------+-------+-------+-------+-------++-------
Melee: War axe           |    86 |   123 |   256 |   561 |   120 ||  1146
       Flail             |       |       |       |    12 |    24 ||    36
       Broad axe         |       |       |       |       |   872 ||   872
       Morningstar       |       |       |       |       |    80 ||    80
Throw: Javelin           |     9 |       |       |    14 |    15 ||    38
       Boomerang         |       |       |       |    28 |    76 ||   104
Invok: Heroism           |       |       |     8 |    34 |    38 ||    80
       Finesse           |       |       |       |     4 |     8 ||    12
  Use: Scroll            |    10 |     2 |     3 |    12 |    15 ||    42
       Potion            |     2 |     3 |     1 |       |     9 ||    15
Armor: Scale mail        |     9 |       |       |       |       ||     9
       Chain mail        |    39 |    64 |   111 |    98 |       ||   312
       Plate armour      |       |       |       |   126 |   398 ||   524
       Gold dragon scale |       |       |       |       |   413 ||   413
Dodge: Dodged            |    26 |    30 |    86 |   178 |   438 ||   758
Block: Buckler           |    16 |    38 |    70 |   160 |   479 ||   763
       Reflection        |       |       |       |       |    13 ||    13

Table legend:
 A = Non-vault XP
 B = Vault XP
 C = Vault XP percentage of total XP
 D = Non-vault monster count
 E = Vault monster count
 F = Vault count percentage of total count
                 A         B        C        D         E       F
            +---------+---------+-------+---------+---------+-------
      Total |   72421 |   33601 |  31.7 |     397 |      87 |  18.0
            +---------+---------+-------+---------+---------+-------
        D:1 |      27 |       0 |   0.0 |      15 |       0 |   0.0
        D:2 |      46 |       0 |   0.0 |      16 |       0 |   0.0
        D:3 |     261 |      35 |  11.8 |      27 |       1 |   3.6
        D:4 |     321 |       0 |   0.0 |      11 |       0 |   0.0
        D:5 |    1095 |    1094 |  50.0 |      20 |       3 |  13.0
        D:6 |     373 |       0 |   0.0 |       9 |       0 |   0.0
        D:7 |    2345 |     202 |   7.9 |      32 |       2 |   5.9
        D:8 |    2825 |     430 |  13.2 |      15 |       3 |  16.7
        D:9 |    3845 |    1684 |  30.5 |      34 |       2 |   5.6
       D:10 |    2621 |    1609 |  38.0 |      21 |       4 |  16.0
       D:11 |    3154 |     353 |  10.1 |      24 |       1 |   4.0
       D:12 |    4540 |    8645 |  65.6 |      12 |      19 |  61.3
       D:13 |    7006 |       0 |   0.0 |      19 |       0 |   0.0
       D:14 |    9987 |     693 |   6.5 |      25 |       3 |  10.7
       D:15 |    8684 |       0 |   0.0 |      19 |       0 |   0.0
     Lair:1 |    5123 |    4248 |  45.3 |      20 |      15 |  42.9
     Lair:2 |    4244 |       0 |   0.0 |      18 |       0 |   0.0
     Lair:3 |    6268 |    2841 |  31.2 |      23 |       8 |  25.8
     Lair:4 |    4328 |     975 |  18.4 |      14 |       4 |  22.2
     Lair:5 |    5328 |   10792 |  66.9 |      23 |      22 |  48.9
            +---------+---------+-------+---------+---------+-------
